 Dungeon Crawl Stone Soup version 0.24-b1-44-g37ad8b309f (webtiles) character file.

Game seed: 248804209582089054, levelgen mode: deterministic

3667 Emblim88 the Fighter (level 9, 0/82 HPs)
             Began as a Minotaur Monk on Oct 24, 2019.
             Was an Elder of Qazlal.
             Killed from afar by an electric eel (7 damage)
             ... with a bolt of electricity
             ... in a bailey.
             The game lasted 00:19:23 (8807 turns).

Emblim88 the Fighter (Minotaur Monk)                Turns: 8807, Time: 00:19:24

Health: 0/82       AC: 13    Str: 18    XL:     9   Next: 89%
Magic:  11/11      EV: 10    Int:  7    God:    Qazlal [****..]
Gold:   345        SH: 20    Dex: 16    Spells: 8/8 levels left

rFire    . . .     SeeInvis .   r - +0 scimitar
rCold    . . .     Gourm    .   i - +0 large shield
rNeg     . . .     Faith    .   b - +4 scale mail
rPois    .         Spirit   .   (helmet restricted)
rElec    .         Reflect  .   z - scarf {repulsion}
rCorr    .         Harm     .   q - +0 pair of gloves
MR       +....                  (no boots)
Stlth    +.........             (no amulet)
HPRegen  0.23/turn              n - +2 ring of dexterity
MPRegen  0.12/turn              B - ring of protection from magic

@: repel missiles
A: retaliatory headbutt, horns 2
a: Upheaval, Elemental Force, Renounce Religion


You were in a bailey.
You worshipped Qazlal.
Qazlal was greatly pleased with you.
You were not hungry.

You visited 1 branch of the dungeon, and saw 8 of its levels.
You also visited: Ossuary and Bailey.

You collected 345 gold pieces.

Inventory:

Hand Weapons
 r - a +0 scimitar (weapon)
 D - the +3 shortbow of Astyl {freeze, *Corrode rC+ Int+2}
   (You found it on level 6 of the Dungeon)

   It causes projectiles fired from it to freeze those they strike, causing
   extra injury to most foes and up to half again as much damage against
   particularly susceptible opponents.
   They can also slow down cold-blooded creatures.
   It affects your intelligence (+2).
   It protects you from cold.
   It may corrode you when you take damage.
Armour
 b - a +4 scale mail (worn)
 i - a +0 large shield (worn)
 q - a +0 pair of gloves (worn)
 z - a scarf of repulsion (worn)
 G - the +2 robe of Pausiv {rF+}
   (You found it on level 6 of the Dungeon)

   It protects you from fire.
Jewellery
 n - a +2 ring of dexterity (left hand)
 B - a ring of protection from magic (right hand)
Scrolls
 d - 2 scrolls of fear
 e - 5 scrolls of remove curse
 g - 4 scrolls of enchant armour
 j - a scroll of identify
 k - 5 scrolls of teleportation
 l - 2 scrolls of magic mapping
 v - 2 scrolls of noise
 y - a scroll of enchant weapon
 A - a scroll of fog
 E - a scroll of blinking
Potions
 f - a potion of agility {unknown}
 h - a potion of might
 m - a potion of invisibility
 o - a potion of ambrosia
 p - a potion of cancellation
 s - 3 potions of flight
 t - a potion of curing
 C - 2 potions of magic
Comestibles
 c - 6 rations


   Skills:
 + Level 8.8 Fighting
 + Level 8.7 Long Blades
 - Level 6.4 Armour
 - Level 6.8 Dodging
 - Level 1.5 Stealth
 * Level 6.0 Shields
 * Level 5.0 Invocations


You had 8 spell levels left.
You didn't know any spells.
Your spell library was empty.

Dungeon Overview and Level Annotations

Branches:
Dungeon (8/15)             Temple (0/1) D:7         Ossuary (visited)
 Bailey (1/1)
   Lair: D:8-11

Altars:
Gozag
Qazlal
Sif Muna
Vehumet

Shops:
D:4 :

Annotations:
D:5 5 runed translucent doors


Innate Abilities, Weirdness & Mutations

You reflexively headbutt those who attack you in melee.
You have a pair of horns on your head.


Message History

The electric eel shoots out a bolt of lightning at you!
The bolt of electricity hits you.
* * * LOW HITPOINT WARNING * * *
The electric eel shoots out a bolt of lightning at you!
The bolt of electricity hits you!
* * * LOW HITPOINT WARNING * * *
You feel better.
The electric eel shoots out a bolt of lightning at you!
The bolt of electricity hits you.
* * * LOW HITPOINT WARNING * * *
The electric eel shoots out a bolt of lightning at you!
The bolt of electricity hits you but does no damage.
The electric eel shoots out a bolt of lightning at you!
The bolt of electricity hits you!
* * * LOW HITPOINT WARNING * * *
The electric eel shoots out a bolt of lightning at you!
The bolt of electricity is repelled.
The electric eel shoots out a bolt of lightning at you!
The bolt of electricity hits you!
You die...

≈≈≈≈≈.gg≈≈≈≈≈≈≈≈≈≈
≈≈≈≈≈≈...≈≈≈≈≈≈≈≈≈≈
≈≈≈≈≈≈...≈≈≈≈≈≈≈≈≈≈
≈≈;≈≈...;;;≈≈≈≈≈≈≈
≈;.........≈≈≈≈≈≈≈
#.......########
#...○...# #....☼..#
#.○.@...# #..○.○○.#
###)))### #.∩.#
#####


You could see 5 electric eels.

Vanquished Creatures
  Pikel (D:7)
  Joseph (D:7)
  A hippogriff (D:7)
  A wyvern (D:7)
  A wraith (Ossuary)
  Menkaure (D:7)
  An ice beast (D:5)
  A sky beast (D:7)
  A slave (D:7)
  2 orc warriors
  A black bear (D:7)
  3 ogres
  A bullfrog (D:6)
  2 scorpions
  2 howler monkeys
  The ghost of 4FPSwarrior the Magician, a weakling OpWz (D:3)
  A bullfrog zombie (D:8)
  A crimson imp (D:7)
  4 hounds
  A jelly (D:7)
  3 orc priests
  12 orc wizards
  Crazy Yiuf (D:3)
  2 iguanas
  Terence (D:3)
  Natasha (D:3)
  6 worker ants
  A hound zombie (D:5)
  A hound skeleton (D:4)
  A mummy (Ossuary)
  11 gnolls
  15 adders
  An adder skeleton (D:5)
  2 worms (D:3)
  2 leopard geckos
  27 orcs
  6 bats
  6 giant cockroaches
  5 goblins
  5 hobgoblins
  12 jackals
  6 quokkas
  3 ball pythons
  4 frilled lizards
  8 gnoll skeletons (Ossuary)
  2 jackal zombies
  5 kobolds
  4 kobold skeletons (Ossuary)
  2 leopard gecko skeletons
  13 orc skeletons (Ossuary)
  A quokka zombie (D:5)
  9 rats
206 creatures vanquished.

Vanquished Creatures (others)
  2 slaves (D:7)
  An orc (D:7)
3 creatures vanquished.

Grand Total: 209 creatures vanquished

Notes
Turn   | Place    | Note
-------+----------+-------------------------------------------
     0 | D:1      | Emblim88 the Minotaur Monk began the quest for the Orb.
     0 | D:1      | Reached XP level 1. HP: 19/19 MP: 0/0
   795 | D:2      | Reached XP level 2. HP: 27/27 MP: 1/1
   801 | D:2      | Reached skill level 1 in Armour
  1324 | D:2      | Reached XP level 3. HP: 28/33 MP: 2/2
  1807 | D:3      | Noticed Terence
  1816 | D:3      | Killed Terence
  1816 | D:3      | Reached XP level 4. HP: 19/41 MP: 3/3
  2148 | D:3      | Noticed Natasha
  2154 | D:3      | Killed Natasha
  2154 | D:3      | Reached XP level 5. HP: 32/47 MP: 4/4
  2380 | D:3      | Reached skill level 5 in Fighting
  2380 | D:3      | Reached skill level 5 in Long Blades
  2639 | D:3      | Found a runed translucent door.
  2668 | D:3      | Found a runed translucent door.
  2669 | D:3      | Noticed Crazy Yiuf
  2698 | D:3      | Noticed 4FPSwarrior's ghost (weakling OpWz)
  2721 | D:3      | Killed 4FPSwarrior's ghost
  2721 | D:3      | Reached XP level 6. HP: 21/56 MP: 5/5
  2954 | D:3      | Killed Crazy Yiuf
  3116 | D:4      | Found Kusainor's Book Emporium.
  3167 | D:4      | Reached skill level 5 in Dodging
  3222 | D:4      | Reached XP level 7. HP: 33/62 MP: 6/6
  3604 | D:4      | Found an opulent altar of Gozag.
  3995 | D:4      | Found a stormy altar of Qazlal.
  4090 | D:4      | Found a shimmering blue altar of Sif Muna.
  4186 | D:4      | Became a worshipper of Qazlal Stormbringer
  4186 | D:4      | Reached * piety under Qazlal
  4186 | D:4      | Reached ** piety under Qazlal
  4252 | D:5      | Entered Level 5 of the Dungeon
  4270 | D:5      | Found a sand-covered staircase.
  4279 | Ossuary  | Entered an ossuary
  4279 | Ossuary  | Noticed a wraith
  4279 | Ossuary  | Noticed a wraith
  4279 | Ossuary  | Noticed a wraith
  4400 | Ossuary  | Noticed a wraith
  4431 | Ossuary  | Killed a wraith
  4431 | Ossuary  | Reached skill level 5 in Armour
  4627 | D:5      | Reached XP level 8. HP: 71/71 MP: 7/7
  4649 | D:5      | Reached *** piety under Qazlal
  4712 | D:5      | Found the +9 staff of Olgreb {rPois}
  4715 | D:5      | Found a runed translucent gate.
  4715 | D:5      | Found a runed translucent gate.
  4716 | D:5      | Found a runed translucent door.
  4726 | D:5      | Found a runed translucent gate.
  4734 | D:5      | Found a runed translucent door.
  4854 | D:5      | Found a radiant altar of Vehumet.
  6279 | D:6      | Got a pitted shortbow
  6298 | D:6      | Got an ichor-stained robe
  6563 | D:6      | Identified the +2 robe of Pausiv {rF+} (You found it on
                  | level 6 of the Dungeon)
  6863 | D:6      | Identified the +3 shortbow of Astyl {freeze, *Corrode rC+
                  | Int+2} (You found it on level 6 of the Dungeon)
  6938 | D:7      | Reached skill level 1 in Shields
  6938 | D:7      | Reached skill level 1 in Invocations
  7341 | D:7      | Noticed Menkaure
  7362 | D:7      | Killed Menkaure
  7362 | D:7      | Reached XP level 9. HP: 56/81 MP: 9/9
  7628 | D:7      | Noticed Pikel
  7644 | D:7      | Killed Pikel
  7655 | D:7      | Noticed Joseph
  7684 | D:7      | Reached **** piety under Qazlal
  7708 | D:7      | Killed Joseph
  7715 | D:7      | Reached skill level 5 in Shields
  7958 | D:7      | Found a staircase to the Ecumenical Temple.
  8743 | D:8      | Found a flagged portal.
  8761 | D:8      | Reached skill level 5 in Invocations
  8772 | Bailey   | Entered a bailey
  8807 | Bailey   | Killed from afar by an electric eel

Skill      XL: |  1  2  3  4  5  6  7  8  9 |
---------------+----------------------------+-----
Armour         | 1 2 3 4 5 6 |  6.4
Fighting       | 4 5 6 7 8 |  8.8
Long Blades    | 4 5 6 7 8 |  8.7
Dodging        | 4 5 6 |  6.8
Shields        | 2 6 |  6.0
Invocations    | 2 5 |  5.0
Stealth        | |  1.5

Action                   |  1- 3 |  4- 6 |  7- 9 || total
-------------------------+-------+-------+-------++-------
Melee: Falchion          |   120 |   184 |   448 ||   752
       Headbutt          |    22 |    50 |   125 ||   197
       Scimitar          |       |       |    11 ||    11
  Use: Potion            |       |     2 |     9 ||    11
       Scroll            |       |       |    18 ||    18
  Eat: Chunk             |     1 |     2 |     3 ||     6
       Ration            |     1 |     1 |     4 ||     6
Armor: Chain mail        |    84 |   148 |   102 ||   334
       Robe              |     1 |       |       ||     1
       Scale mail        |       |       |    35 ||    35
Dodge: Dodged            |    12 |    36 |    55 ||   103
       Deflected         |       |       |     2 ||     2
Block: Large shield      |    80 |   159 |   354 ||   593
       Rpst.: Falchion   |     4 |    10 |    17 ||    31
       Scimitar          |       |       |     2 ||     2
